 Dungeon Crawl Stone Soup version 0.28.0-53-g5a82cb258f (webtiles) character file.

Game seed: 17613345896964679479

8919 pkoi the Destroyer (level 10, -14/71 (78) HPs)
             Began as a Demigod Conjurer on May 20, 2022.
             Demolished by a spectral orc warrior
             ... wielding a +0 dire flail
             ... summoned by Nergalle
              (17 damage)
             ... on level 10 of the Dungeon.
             The game lasted 00:22:11 (20693 turns).

pkoi the Destroyer (Demigod Conjurer)              Turns: 20693, Time: 00:22:12

HP:   -14/71 (78)   AC:  6    Str: 26    XL:     10   Next: 95%
MP:   10/22         EV: 13    Int: 32    God:
Gold: 645           SH:  0    Dex: 12    Spells: 5/20 levels left

rFire   . . .      SeeInvis .   I - +3 long sword (vorpal)
rCold   . . .      Faith    .   (no shield)
rNeg    . . .      Spirit   .   a - +0 robe
rPois   .          Reflect  .   (no helmet)
rElec   .          Harm     .   u - +0 cloak
rCorr   .          Rampage  .   x - +2 pair of gloves of the Cockatrice {Str+6}
Will    +....                   (no boots)
Stlth   ++........              (no amulet)
HPRegen 0.21/turn               B - +6 ring of strength
MPRegen 0.18/turn               k - +6 ring of strength

@: drained
A: high MP 1, forlorn, divine attributes
a: no special abilities


You were on level 10 of the Dungeon.
You visited 1 branch of the dungeon, and saw 10 of its levels.
You also visited: Ossuary.

You collected 645 gold pieces.

Inventory:

Hand Weapons
 g - a +0 dagger of electrocution
 H - a +1 vorpal short sword
 I - a +3 vorpal long sword (weapon)
Missiles
 s - 19 poisoned darts
 C - a throwing net
Armour
 a - a +0 robe (worn)
 u - a +0 cloak (worn)
 x - the +2 pair of gloves of the Cockatrice (worn) {Str+6}
   (You found it on level 4 of the Dungeon)

   Str:       It affects your strength (+6).
Jewellery
 h - a ring of see invisible
 i - a ring of ice
 k - a +6 ring of strength (right hand)
 A - a ring of fire
 B - a +6 ring of strength (left hand)
Wands
 l - a wand of paralysis (11)
 m - a wand of iceblast (3)
Scrolls
 b - 3 scrolls of enchant weapon
 c - 4 scrolls of identify
 d - a scroll of holy word
 e - 3 scrolls of immolation
 f - a scroll of magic mapping
 n - 2 scrolls of teleportation
 p - a scroll of fog
 y - a scroll of fear
Potions
 j - 2 potions of brilliance
 q - 5 potions of heal wounds
 t - 2 potions of berserk rage
 w - 3 potions of might
 E - 3 potions of curing
 F - 2 potions of ambrosia
 G - a potion of resistance


   Skills:
 - Level 4.0 Fighting
 - Level 4.0 Dodging
 - Level 1.7 Stealth
 + Level 4.7 Unarmed Combat
 + Level 5.6 Spellcasting
 - Level 9.0 Conjurations
 - Level 6.0 Hexes
 - Level 6.0 Translocations
 * Level 5.0 Fire Magic


You had 5 spell levels left.
You knew the following spells:

 Your Spells              Type           Power      Damage    Failure   Level
a - Magic Dart            Conj           100%       1d8       1%          1
b - Searing Ray           Conj           100%       2d8       1%          2
c - Iskenderun's Mystic   Conj/Tloc      54%        2d12      2%          4
d - Fulminant Prism       Conj/Hex       27%        3d14      2%          4
e - Sticky Flame          Conj/Fire      52%        2d7       2%          4

Your spell library contained the following spells:

 Spells                   Type           Power      Damage    Failure   Level
 Conjure Flame            Conj/Fire      52%        6-21      1%          3
 Dazzling Flash           Conj/Hex       100%       N/A       1%          3
 Beastly Appendage        Tmut           16%        N/A       4%          1
 Wereblood                Tmut           8%         N/A       8%          2
 Ignite Poison            Fire/Tmut/Pois 19%        N/A       8%          3
 Spider Form              Tmut/Pois      8%         N/A       14%         3


Dungeon Overview and Level Annotations

Branches:
Dungeon (10/15)            Temple (0/1) D:4         Ossuary (visited)
   Lair: D:8-11         Orc: D:9-12

Shops:
D:5 *

Annotations:
D:3 Jessica
D:10 Nergalle


Innate Abilities, Weirdness & Mutations

You have an increased reservoir of magic. (+10% MP)
You shall have no god before yourself.
Your divine heritage dramatically boosts your attributes as you level up.


Message History

The spectral orc warrior hits you with a +0 scimitar!
* * * LOW HITPOINT WARNING * * *
The spectral orc warrior hits you with a +0 mace!
* * * LOW HITPOINT WARNING * * *
The spectral orc warrior closely misses you.
Your fulminant prism explodes!
The blast of energy engulfs Nergalle!!
Nergalle is severely wounded.
The spectral orc barely misses you. The spectral orc closely misses you.
You hear a howl!
Unknown command.
Unknown command.
Unknown command.
Casting: Fulminant Prism (dangerous; 2% risk of failure)
Confirm with . or Enter, or press ? or * to list all spells.
Aiming: Fulminant Prism (dangerous; 2% risk of failure)
Press: ? - help, Dir - move target You conjure a prism of explosive energy!
A fulminant prism comes into view.
Nergalle gestures at you while chanting.
Orcish apparitions take form around you.
The spectral orc warrior hits you with a +0 scimitar!
* * * LOW HITPOINT WARNING * * *
The spectral orc hits you with a +0 dagger.
* * * LOW HITPOINT WARNING * * *
You feel drained.
The spectral orc warrior closely misses you.
The spectral orc hits you with a +0 hand axe.
* * * LOW HITPOINT WARNING * * *
You feel drained. The spectral orc warrior misses you.
The spectral orc warrior hits you with a +0 mace.
* * * LOW HITPOINT WARNING * * *
You feel drained.
* * * LOW HITPOINT WARNING * * *
The spectral orc warrior hits you with a +0 scimitar!
* * * LOW HITPOINT WARNING * * *
You feel drained.
* * * LOW HITPOINT WARNING * * *
The spectral orc warrior hits you with a +0 dire flail!
You die...

...... ......#
....... ........
.....#...####
..........Z.##
.......*.ZZZ.#
......o..Z@Z##
.......#.Z.Z.#
........#Z...#
.......#.....##
..............#
..........#....#
.....$....##..##
....#.........#
... .........##


You could see Nergalle, 4 spectral orcs, 5 spectral orc warriors and a friendly
fulminant prism.

Vanquished Creatures
  2 two-headed ogres (D:9)
  2 kobold demonologists (D:9)
  A troll (D:10)
  2 hornets
  Sigmund (D:6)
  The ghost of Zeld the Skirmisher, an amateur MiBe of Trog (D:6)
  A vampire (D:9)
  A wyvern (D:8)
  4 yaks (D:9)
  2 steam dragons
  Menkaure (D:4)
  A warg (D:10)
  3 water moccasins
  A black bear (D:4)
  4 orc warriors
  A necrophage (D:6)
  2 ice beasts
  2 ogres
  2 sky beasts
  A centaur (D:8)
  2 phantoms
  An elf zombie (Ossuary)
  2 kobold brigands
  Blork the orc (D:5)
  A gnoll sergeant (D:7)
  3 scorpions
  8 bullfrogs
  3 wyvern zombies
  A water moccasin zombie (D:5)
  2 water moccasin skeletons
  12 killer bees
  4 wights
  3 howler monkeys
  A centaur zombie (D:5)
  2 bullfrog zombies
  4 hounds
  A centaur skeleton (D:7)
  3 orc priests
  3 iguanas
  Ijyb (D:3)
  11 orc wizards
  A killer bee zombie (D:5)
  A human simulacrum (D:10)
  2 howler monkey zombies
  3 mummies (Ossuary)
  14 gnolls
  6 adders
  2 howler monkey skeletons (D:7)
  3 shadow imps
  A white imp (D:3)
  2 adder zombies (Ossuary)
  5 dart slugs
  27 orcs
  3 endoplasms
  4 giant cockroaches
  2 goblins
  6 hobgoblins
  3 jackals (D:3)
  11 ball pythons
  5 bats
  3 frilled lizards
  3 goblin zombies (Ossuary)
  4 hobgoblin zombies (Ossuary)
  23 kobolds
  3 kobold zombies (Ossuary)
  2 orc zombies (Ossuary)
  2 quokka zombies (Ossuary)
  7 rats
  A rat zombie (Ossuary)
253 creatures vanquished.

Vanquished Creatures (others)
  48 fulminant prisms
  5 plants (D:3)
  3 withered plants (D:2)
56 creatures vanquished.

Grand Total: 309 creatures vanquished

Notes
Turn   | Place    | Note
-------+----------+-------------------------------------------
     0 | D:1      | pkoi the Demigod Conjurer began the quest for the Orb.
     0 | D:1      | Reached XP level 1. HP: 14/14 MP: 5/5
   254 | D:1      | Reached skill level 4 in Conjurations
   482 | D:1      | Reached XP level 2. HP: 20/20 MP: 5/7
  1581 | D:2      | Reached XP level 3. HP: 26/26 MP: 3/8
  1626 | D:2      | Learned a level 2 spell: Searing Ray
  2215 | D:2      | Reached skill level 5 in Conjurations
  2704 | D:2      | Reached XP level 4. HP: 33/33 MP: 1/9
  3933 | D:3      | Reached skill level 6 in Conjurations
  3933 | D:3      | Reached XP level 5. HP: 38/38 MP: 5/10
  4242 | D:3      | Noticed Ijyb
  4253 | D:3      | Killed Ijyb
  4725 | D:3      | Noticed Jessica
  5342 | D:3      | Learned a level 4 spell: Iskenderun's Mystic Blast
  5398 | D:4      | Noticed an ogre
  5417 | D:4      | Killed an ogre
  5418 | D:4      | Reached XP level 6. HP: 46/46 MP: 1/11
  5712 | D:4      | Noticed a water moccasin
  5726 | D:4      | Killed a water moccasin
  5727 | D:4      | Reached skill level 1 in Fighting
  5727 | D:4      | Reached skill level 7 in Conjurations
  5727 | D:4      | Reached skill level 1 in Translocations
  5975 | D:4      | Found a staircase to the Ecumenical Temple.
  5988 | D:4      | Identified the +2 pair of gloves of the Cockatrice {Str+6}
  6047 | D:4      | Noticed Menkaure
  6055 | D:4      | Killed Menkaure
  6056 | D:4      | Reached XP level 7. HP: 53/53 MP: 5/12
  6826 | D:4      | Reached skill level 1 in Unarmed Combat
  6886 | D:5      | Entered Level 5 of the Dungeon
  6886 | D:5      | Found Siwic's Superlative Supplies.
  6889 | D:5      | Found a sand-covered staircase.
  6901 | Ossuary  | Entered an ossuary
  9271 | D:5      | Reached XP level 8. HP: 46/62 MP: 0/14
  9372 | D:5      | Learned a level 4 spell: Fulminant Prism
 10002 | D:5      | Reached skill level 1 in Hexes
 10135 | D:5      | Noticed Blork the orc
 10392 | D:5      | Killed Blork the orc
 11273 | D:6      | Identified a scroll of acquirement
 11273 | D:6      | Acquired an Everburning Encyclopedia
 11532 | D:6      | Found a runed translucent door.
 11546 | D:6      | Noticed Zeld's ghost (amateur MiBe)
 11643 | D:6      | Killed Zeld's ghost
 11942 | D:6      | Reached XP level 9. HP: 59/69 MP: 6/16
 12183 | D:6      | Reached skill level 5 in Translocations
 12260 | D:6      | Noticed Sigmund
 12268 | D:6      | Killed Sigmund
 12950 | D:7      | Reached skill level 5 in Hexes
 13956 | D:7      | You fall into a shaft and drop 1 floor!
 13977 | D:8      | Reached skill level 8 in Conjurations
 15964 | D:8      | Reached XP level 10. HP: 76/77 MP: 6/19
 16449 | D:8      | Reached skill level 9 in Conjurations
 16572 | D:8      | Learned a level 4 spell: Sticky Flame
 17083 | D:9      | Reached skill level 1 in Fire Magic
 18252 | D:9      | Reached skill level 5 in Spellcasting
 18773 | D:9      | Noticed a two-headed ogre
 18778 | D:9      | Killed a two-headed ogre
 18781 | D:9      | Noticed a two-headed ogre
 19207 | D:9      | Killed a two-headed ogre
 20076 | D:10     | Entered Level 10 of the Dungeon
 20367 | D:10     | Noticed Nergalle
 20375 | D:10     | Reached skill level 5 in Fire Magic
 20693 | D:10     | HP: 3/71 [spectral orc warrior/+0 scimitar[Nergalle] (2)]
 20693 | D:10     | Demolished by a spectral orc warrior

Illustrated notes

Levels and vault maps discovered:
D:1:      psy_arrival_radial02, layout_basic
D:2:      layout_basic, ebering_ecumenical_altar_petrified
D:3:      cheibrodos_old_hovel, layout_loops_ring, lemuel_doored_altar,
          uniq_jessica, uniq_ijyb
D:4:      layout_rooms, minmay_temple_entry_butterflies, corexii_corridor_pit,
          minmay_goblin_kobold_house, uniq_menkaure
D:5:      layout_loops_ring, nicolae_ossuary_entry_monument,
          minmay_misc_feat_four_crosses, corexii_checkpoint_b,
          nicolae_alphabet_shops, st_stairs_3, uniq_blork_the_orc
D:6:      layout_basic, nicolae_dithmenos_the_darkroom,
          mainiacjoe_overflow_six_doors_small, ebering_ghost_sewer_d,
          uniq_sigmund
D:7:      layout_loops_ring, makhleb_blood_cavern_becter, st_stairs_7,
          grunt_ministairs_10, chequers_serial_rivers_small_a
D:8:      kennysheep_ambush_hall, layout_gridville
D:9:      layout_roguey
D:10:     layout_cross, erik_lair_orcish_takeover, bh_circular_ruins,
          uniq_nergalle

Skill      XL: |  1  2  3  4  5  6  7  8  9 10 |
---------------+-------------------------------+-----
Conjurations   | 4 5 6 7 8 9 |  9.0
Dodging        | 2 3 4 |  4.0
Fighting       | 1 2 3 4 |  4.0
Translocations | 1 2 4 6 |  6.0
Unarmed Combat | 2 3 4 |  4.7
Spellcasting   | 2 3 5 |  5.6
Hexes          | 3 6 |  6.0
Fire Magic     | 5 |  5.0
Stealth        | |  1.7

Action                   |  1- 3 |  4- 6 |  7- 9 | 10-12 || total
-------------------------+-------+-------+-------+-------++-------
Melee: Dagger            |    10 |     1 |    41 |       ||    52
       Punch             |       |       |     4 |       ||     4
       Long sword        |       |       |    39 |    32 ||    71
 Cast: Magic Dart        |    75 |    72 |   189 |     9 ||   345
       Searing Ray       |     1 |     8 |    37 |     1 ||    47
       Iskenderun's Myst |       |       |    17 |    32 ||    49
       Fulminant Prism   |       |       |    16 |    33 ||    49
       Sticky Flame      |       |       |       |     2 ||     2
  Use: Scroll            |       |       |    22 |       ||    22
       Potion            |       |       |     2 |       ||     2
Armor: Robe              |     1 |     2 |    50 |    13 ||    66
Dodge: Dodged            |    10 |    19 |   119 |    48 ||   196
